 Dungeon Crawl Stone Soup version 0.31-a0-198-g2ad674f65e (webtiles) character file.

Game seed: 12443410442508117437

78 qw the Shooter (level 4, -15/25 HPs)
             Began as a Deep Elf Hunter on June 25, 2023.
             Killed from afar by an oklob plant (24 damage)
             ... with a splash of acid
             ... on level 3 of the Dungeon.
             The game lasted 00:00:35 (1507 turns).

qw the Shooter (Deep Elf Hunter)                    Turns: 1507, Time: 00:00:36

Health: -15/25     AC:  0    Str: 10    XL:     4   Next: 15%
Magic:  0/6        EV: 12    Int: 14    God:
Gold:   56         SH:  0    Dex: 18    Spells: 3/3 levels left

rFire   . . .        Y - +2 shortbow (drain)
rCold   . . .        (shield currently unavailable)
rNeg    . . .        c - +0 leather armour
rPois   .            (no helmet)
rElec   .            b - +0 cloak
rCorr   .            (no gloves)
SInv    .            (no boots)
Will    +....        i - amulet of guardian spirit
Stlth   ++           e - ring of willpower
HPRegen 0.24/turn    (no ring)
MPRegen 0.10/turn

%: guardian spirit
@: corroded
A: no striking features
a: no special abilities


You were on level 3 of the Dungeon.
You visited 1 branch of the dungeon, and saw 3 of its levels.

You collected 56 gold pieces.


   Skills:
 - Level 1.5 Fighting
 + Level 7.6 Ranged Weapons
 - Level 2.4 Dodging
 - Level 1.2 Stealth


You had 3 spell levels left.
You didn't know any spells.
Your spell library was empty.

Inventory:

Hand Weapons
 Y - a +2 shortbow of draining (weapon)
Armour
 b - a +0 cloak (worn)
 c - a +0 leather armour (worn)
Jewellery
 e - a ring of willpower (left hand)
 i - an amulet of guardian spirit (around neck)
Scrolls
 d - 3 scrolls of teleportation
Potions
 a - a potion of berserk rage {unknown}
 f - a potion of lignification {unknown}
 g - a potion of curing {unknown}
 h - a potion of resistance {unknown}

Dungeon Overview and Level Annotations

Branches:
Dungeon (3/15)

Altars:
Fedhas

Annotations:
D:3 exclusion: oklob plant


Message History

The plant is lightly damaged.
You shoot an arrow. The arrow hits the plant!
You drain the plant.
The plant is lightly damaged.
You shoot an arrow. The arrow hits the plant!
You drain the plant.
The plant is moderately damaged.
A nearby plant withers and dies.
The oklob plant spits acid at you. The splash of acid hits you!
You shoot an arrow. The arrow hits the oklob plant.
You drain the oklob plant.
The oklob plant is lightly damaged.
The oklob plant spits acid at you. The splash of acid hits you!
The acid corrodes you!
You shoot an arrow. The arrow hits the fungus.
The fungus begins to die.
The fungus is lightly damaged.
You shoot an arrow. The arrow hits the fungus.
You drain the fungus.
The fungus is lightly damaged.
You shoot an arrow. The arrow hits the fungus.
You drain the fungus.
The fungus is lightly damaged.
You shoot an arrow.
The arrow hits the fungus but does no damage.
The fungus is lightly damaged.
You shoot an arrow.
The arrow hits the fungus but does no damage.
You drain the fungus.
The fungus is lightly damaged.
A nearby fungus withers and dies.
You shoot an arrow. The arrow hits the plant.
The plant begins to die.
You drain the plant.
The plant is lightly damaged.
You shoot an arrow.
The arrow hits the plant but does no damage.
You drain the plant.
The plant is lightly damaged.
You shoot an arrow. The arrow hits the plant!
You drain the plant.
The plant is lightly damaged.
A nearby plant withers and dies.
The oklob plant spits acid at you. The splash of acid hits you!!
Ouch! That really hurt!
You die...

#P.#P.~~~~~~~~~~~.#
#P.PP.~~~~...~~~~.PP
##PPP.~~~~._.~~~~.PP
#PP#..~~~~...~~~~.#.
#.PP..~~~~~.~~~~
#.P#P..~~~~.~~~
#.P#P...~~~.~~
##PP.PP..~~.~
#P.@P.P.....
#P..#.PP##P##
##P....P# P#


#PPP.##PPP P #P.PPP ##P# ####### ## You could see an oklob plant (drained).

Vanquished Creatures
  2 gnolls (D:2)
  A worm (D:2)
  2 dart slugs (D:2)
  4 endoplasms
  A giant cockroach (D:1)
  2 goblins (D:1)
  3 hobgoblins
  5 jackals (D:1)
  8 quokkas
  6 ball pythons
  6 bats
  A frilled lizard (D:1)
  5 kobolds
  5 rats
51 creatures vanquished.

Notes
Turn   | Place    | Note
-------+----------+-------------------------------------------
     0 | D:1      | qw the Deep Elf Hunter began the quest for the Orb.
     0 | D:1      | Reached XP level 1. HP: 12/12 MP: 3/3
     0 | D:1      | 0 ||| qw: Version: 0.3-a-22-g0ed2b0b
     0 | D:1      | 0 ||| qw: Game counter: 5207
     0 | D:1      | 0 ||| qw: Melee chars always use a shield: true
     0 | D:1      | 0 ||| qw: God list: Okawaru
     0 | D:1      | 0 ||| qw: Allow faded altars: false
     0 | D:1      | 0 ||| qw: Do Orc after clearing Dungeon:15 true
     0 | D:1      | 0 ||| qw: Do second Lair branch before Depths: true
     0 | D:1      | 0 ||| qw: Lair rune preference: random
     0 | D:1      | 0 ||| qw: Goals: Normal
     0 | D:1      | 0 ||| PLANNING D:1-11
   110 | D:1      | Reached XP level 2. HP: 16/16 MP: 4/4
   121 | D:1      | Reached skill level 6 in Ranged Weapons
   446 | D:1      | Reached XP level 3. HP: 20/20 MP: 5/5
   580 | D:1      | HP: 4/20 [goblin/+0 club (3)]
   762 | D:1      | 762 ||| UPGRADING to amulet of guardian spirit.
   767 | D:1      | 767 ||| READING 2 scrolls labelled KUGECORHUA.
   768 | D:1      | 768 ||| READING scroll labelled JEM UCWYPSE.
   769 | D:1      | 769 ||| READING scroll labelled ONIURPHOEFIA.
   770 | D:1      | 770 ||| READING scroll labelled IROISA UJATUC.
   771 | D:1      | 771 ||| DROPPING scroll of immolation.
   772 | D:1      | 772 ||| DROPPING scroll of butterflies.
   963 | D:2      | 963 ||| READING scroll of enchant weapon.
   963 | D:2      | 963 ||| ENCHANTING +1 shortbow of draining.
  1053 | D:2      | 1053 ||| Stepping ~*~*~tactically~*~*~ (outnumbered).
  1073 | D:2      | Reached skill level 7 in Ranged Weapons
  1106 | D:2      | Reached XP level 4. HP: 25/25 MP: 6/6
  1425 | D:2      | 1425 ||| UPGRADING to +0 cloak.
  1430 | D:2      | 1430 ||| UPGRADING to ring of willpower.
  1431 | D:2      | 1431 ||| READING 4 scrolls labelled RAWEL XIVEOCK.
  1470 | D:3      | Found a blossoming altar of Fedhas.
  1484 | D:3      | Noticed an oklob plant
  1507 | D:3      | Killed from afar by an oklob plant

Levels and vault maps discovered:
D:1:      matt_arrival_grand_opening, layout_loops_cross, minmay_unequal
D:2:      layout_basic
D:3:      layout_loops_ring, nicolae_ru_great_annihilating_truth, tgw_fedhas,
          uniq_terence

Skill      XL: |  1  2  3 |
---------------+----------+-----
Ranged Weapons | 6 7 |  7.6
Fighting       | |  1.5
Dodging        | |  2.4
Stealth        | |  1.2

Action                     |  1- 3 |  4- 6 || total
---------------------------+-------+-------++-------
   Fire: Shortbow          |    97 |    29 ||   126
    Use: Scroll            |     5 |     1 ||     6
 Armour: Leather armour    |     5 |       ||     5
  Dodge: Dodged            |    35 |       ||    35

Table legend:
 A = Non-vault XP
 B = Vault XP
 C = Vault XP percentage of total XP
 D = Non-vault monster count
 E = Vault monster count
 F = Vault count percentage of total count
                 A         B        C        D         E       F
            +---------+---------+-------+---------+---------+-------
      Total |     107 |       5 |   4.5 |      47 |       4 |   7.8
            +---------+---------+-------+---------+---------+-------
        D:1 |      49 |       5 |   9.3 |      31 |       4 |  11.4
        D:2 |      56 |       0 |   0.0 |      15 |       0 |   0.0
        D:3 |       2 |       0 |   0.0 |       1 |       0 |   0.0
            +---------+---------+-------+---------+---------+-------
